 Seeded DCSS version 0.32-a0-918-g0f22ef8d61 (webtiles) character file.

Game seed: 202404113 (custom seed)

3923 Orlauf the Cleaver (level 10, -20/82 HPs)
             Began as a Demonspawn Gladiator on Apr 11, 2024.
             Was an Initiate of Nemelex Xobeh.
             Killed from afar by Erica (29 damage)
             ... with a bolt of poison
             ... on level 8 of the Dungeon.
             The game lasted 00:17:30 (7750 turns).

Orlauf the Cleaver (Demonspawn Gladiator)           Turns: 7750, Time: 00:17:32

Health: -20/82     AC: 16    Str: 18    XL:     10   Next: 1%
Magic:  12/12      EV:  0    Int: 10    God:    Nemelex Xobeh [......]
Gold:   439        SH:  0    Dex: 14    Spells: 9/9 levels left

rFire   + . .        b - +0 broad axe
rCold   + . .        (no shield)
rNeg    . . .        z - +3 scale mail
rPois   .            m - +2 hat
rElec   .            K - scarf {rC+ rF+}
rCorr   +            C - +1 pair of gloves
SInv    .            (no boots)
Will    +....        c - amulet of the acrobat Stlth
                     p - ring of resist corrosion
HPRegen 0.33/turn    L - ring of willpower
MPRegen 0.13/turn

%: acrobat
@: lethally poisoned (-20 -> -47), constricted
A: horns 1, molten scales 2, powered by death 1
a: Renounce Religion, Draw Escape, Draw Destruction, Draw Summoning


You were on level 8 of the Dungeon.
You worshipped Nemelex Xobeh.
Nemelex Xobeh was noncommittal.
You visited 2 branches of the dungeon, and saw 9 of its levels.
You also visited: Sewer.

You collected 439 gold pieces.

Inventory:

Hand Weapons
 a - a +1 war axe
 b - a +0 broad axe (weapon)
 D - a +0 flail
 E - a +0 battleaxe
Missiles
 d - a throwing net
 e - a javelin
 k - 2 curare-tipped darts
 q - 28 poisoned darts
Armour
 g - a +1 chain mail
 m - a +2 hat (worn)
 z - a +3 scale mail (worn)
 C - a +1 pair of gloves (worn)
 K - a scarf of resistance (worn)
Jewellery
 c - an amulet of the acrobat (around neck)
 p - a ring of resist corrosion (left hand)
 J - an amulet of magic regeneration
 L - a ring of willpower (right hand)
Wands
 i - a wand of iceblast (5)
 A - a wand of polymorph (33)
 G - a wand of flame (16) (quivered)
Scrolls
 h - 2 scrolls of vulnerability
 t - a scroll of teleportation
 u - 2 scrolls of enchant weapon
 B - a scroll of poison
 I - a scroll of enchant armour
 M - a scroll of identify
Potions
 j - a potion of attraction {unknown}
 l - a potion of brilliance
 n - 3 potions of heal wounds
 o - 3 potions of invisibility
 r - 4 potions of might
 s - a potion of mutation
 v - a potion of enlightenment
 w - 2 potions of haste {unknown}
 F - 2 potions of cancellation {unknown}
 H - a potion of berserk rage {unknown}


   Skills:
 * Level 8.8 Fighting
 + Level 10.6 Axes
 - Level 1.7 Throwing
 + Level 1.9 Armour
 - Level 2.6 Dodging
 + Level 3.0 Invocations


You had 9 spell levels left.
You didn't know any spells.
Your spell library contained the following spells:

 Spells                   Type           Power      Damage    Failure   Level
 Sting                    Conj/Alch      0%         1d3       77%         1
 Summon Small Mammal      Summ           0%         N/A       77%         1
 Call Imp                 Summ           0%         N/A       88%         2
 Lesser Beckoning         Tloc           0%         N/A       88%         2
 Mercury Vapours          Alch/Air       0%         N/A       88%         2
 Sublimation of Blood     Necr           0%         N/A       88%         2
 Call Canine Familiar     Summ           0%         N/A       98%         3
 Frozen Ramparts          Ice            0%         1d1       98%         3
 Maxwell's Portable Pile  Tloc           0%         2d(5-13)  98%         3
 Ozocubu's Armour         Ice            0%         N/A       98%         3
 Sigil of Binding         Hex            0%         N/A       98%         3
 Teleport Other           Tloc           0%         N/A       98%         3
 Dimensional Bullseye     Hex/Tloc       0%         N/A       100%        4
 Olgreb's Toxic Radiance  Alch           0%         N/A       100%        4
 Summon Blazeheart Golem  Fire/Summ      0%         N/A       100%        4
 Metabolic Englaciation   Hex/Ice        0%         N/A       100%        5
 Summon Hydra             Summ           0%         N/A       100%        7
 Chain Lightning          Conj/Air       0%         N/A       100%        9
 Fire Storm               Conj/Fire      0%         5d1       100%        9
 Shatter                  Erth           0%         3d5*      100%        9


Dungeon Overview and Level Annotations

Branches:
Dungeon (8/15)             Temple (1/1) D:7           Sewer (visited)
   Lair: D:8-11

Altars:
Ashenzari
Cheibriados
Fedhas
Gozag
Hepliaklqana
Kikubaaqudgha
Nemelex Xobeh
Okawaru
Qazlal
Ru
Sif Muna
Trog
Uskayaw
Vehumet
Wu Jian
Yredelemnul

Shops:
D:1 ?   D:3 (??

Annotations:
D:5 3 runed translucent doors, KennySheep's ghost, novice OnGl
D:8 Erica


Innate Abilities, Weirdness & Mutations

You have a pair of small horns on your head.
You are mostly covered in molten scales. (AC +3)
You regenerate a little health from kills.


Message History

You are constricted.
Okay, then.
You feel better. Something hits you!
You are constricted.
You hit something.
You hear some strange, mumbled words.
A bolt of poison appears from out of thin air!
The bolt of poison hits you!
You are poisoned.
You are constricted.
You feel better. Something hits you! Something burns you.
You are constricted.
You miss something. Something hits you.
* * * LOW HITPOINT WARNING * * *
You are constricted.
Unknown command.
You miss something. Your headbutt misses something. Something hits you!
* * * LOW HITPOINT WARNING * * *
Something burns you.
* * * LOW HITPOINT WARNING * * *
You are constricted.
Unknown command.
You feel better. Something hits you!
* * * LOW HITPOINT WARNING * * *
You are constricted.
* * * LOW HITPOINT WARNING * * *
You feel better. Something hits you but does no damage.
You are constricted.
Okay, then.
Okay, then.
You barely miss something. You headbutt something. Something hits you!
* * * LOW HITPOINT WARNING * * *
Something burns you.
* * * LOW HITPOINT WARNING * * *
You are constricted.
* * * LOW HITPOINT WARNING * * *
You hit something.
You hear some strange, mumbled words.
A bolt of poison appears from out of thin air!
The bolt of poison hits you!!
You are lethally poisoned!
You die...
Your body disappears without a glow.

######..# #.# .# #..#
#########.# .# ##..###
#.........# .# #.....##
#.######..#######
.####...#..###.# #...[>....
.......###.....# ##)#######
..###...#..###### #..#
..###.#.....###.## ####.####
.)).........##.#@###.......#
..>...##.##.#.###{S..≈.ß.≈.##
..##.....<...## ##...≈...≈..##
..###<##......###....≈≈.≈≈...#
..###.#####....#...#.≈≈.≈≈.#.#
...............(.....≈≈.≈≈.#.#
..##........##...###†≈≈_≈≈.#.#
..#########.###.## #.≈≈≈≈≈.#.#
#.# ### #..≈≈≈..#.#


You could see a water moccasin.

Vanquished Creatures
  Pikel (D:5)
  A steam dragon (D:8)
  3 water moccasins
  2 sky beasts
  2 orc warriors
  3 ogres
  4 lemures (D:5)
  Blork the orc (D:4)
  2 kobold brigands
  2 gnoll sergeants
  2 scorpions
  5 wights (D:7)
  9 killer bees
  3 hounds
  7 orc priests
  2 bombardier beetles (D:6)
  A jelly (D:8)
  2 sleepcaps (D:6)
  5 iguanas
  8 orc wizards
  2 kobold zombies (Sewer)
  A crocodile skeleton (Sewer)
  Robin (D:4)
  15 gnolls
  9 adders
  2 shadow imps (Sewer)
  A white imp (D:8)
  8 ufetubi
  2 adder zombies (Sewer)
  2 ribbon worms
  2 dart slugs
  27 orcs
  8 ball pythons
  5 bats
  18 endoplasms
  6 giant cockroaches
  8 hobgoblins
  6 jackals
  28 kobolds
  7 quokkas
  3 frilled lizards
  16 goblins
  2 rats
244 creatures vanquished.

Notes
Turn   | Place    | Note
-------+----------+-------------------------------------------
     0 | D:1      | Orlauf the Demonspawn Gladiator began the quest for the
                  | Orb.
     0 | D:1      | Reached XP level 1. HP: 16/16 MP: 1/1
    19 | D:1      | Reached skill level 3 in Axes
    28 | D:1      | Gained mutation: You are partially covered in molten
                  | scales. (AC +2) [demonic ancestry]
    28 | D:1      | Reached XP level 2. HP: 12/22 MP: 2/2
   103 | D:1      | Found Akkic's Magic Scroll Boutique.
   362 | D:1      | Reached XP level 3. HP: 26/28 MP: 3/3
   772 | D:2      | Reached skill level 4 in Axes
   772 | D:2      | Gained mutation: You are mostly covered in molten scales.
                  | (AC +3) [demonic ancestry]
   772 | D:2      | Reached XP level 4. HP: 27/35 MP: 4/4
  1386 | D:3      | Found Qaefufea's Magic Scroll Shop.
  1460 | D:3      | Found a snail-covered altar of Cheibriados.
  1469 | D:3      | Reached XP level 5. HP: 23/41 MP: 5/5
  1555 | D:3      | Found a blossoming altar of Fedhas.
  1585 | D:3      | Found Dopaonaidgh's Antique Weapon Emporium.
  1667 | D:3      | Found an ancient bone altar of Kikubaaqudgha.
  1728 | D:3      | Found a faded altar of an unknown god.
  1890 | D:3      | Found Zyuji's Magic Scroll Emporium.
  2018 | D:4      | Noticed Robin
  2036 | D:4      | Killed Robin
  2192 | D:4      | Reached skill level 5 in Axes
  2277 | D:4      | Reached XP level 6. HP: 13/48 MP: 6/6
  2337 | D:4      | Found a glowing drain.
  2342 | Sewer    | Entered a sewer
  2555 | Sewer    | Found an ancient bone altar of Kikubaaqudgha.
  3034 | D:4      | Reached skill level 6 in Axes
  3177 | D:4      | Reached XP level 7. HP: 49/55 MP: 7/7
  3196 | D:4      | Noticed Blork the orc
  3215 | D:4      | Killed Blork the orc
  3351 | D:4      | You fall into a shaft and drop 2 floors!
  3369 | D:6      | Reached skill level 5 in Fighting
  3620 | D:6      | Reached skill level 7 in Axes
  3799 | D:6      | Reached XP level 8. HP: 57/64 MP: 8/8
  3848 | D:5      | Entered Level 5 of the Dungeon
  4339 | D:5      | Reached skill level 8 in Axes
  4855 | D:5      | Noticed Pikel
  4893 | D:5      | Killed Pikel
  4894 | D:5      | Reached skill level 9 in Axes
  5183 | D:5      | Found a sacrificial altar of Ru.
  5265 | D:5      | Found a runed translucent gate.
  5265 | D:5      | Found a runed translucent gate.
  5266 | D:5      | Found a runed translucent gate.
  5267 | D:5      | Noticed KennySheep's ghost (novice OnGl)
  5380 | D:6      | Gained mutation: You have a pair of small horns on your
                  | head. [demonic ancestry]
  5380 | D:6      | Reached XP level 9. HP: 56/72 MP: 9/9
  6005 | D:7      | Found a shimmering blue altar of Sif Muna.
  6220 | D:7      | Reached skill level 10 in Axes
  6552 | D:7      | Found a staircase to the Ecumenical Temple.
  6557 | Temple   | Entered the Ecumenical Temple
  6616 | Temple   | Became a worshipper of Nemelex Xobeh the Trickster
  6738 | D:7      | Reached skill level 1 in Invocations
  7125 | D:8      | Reached skill level 1 in Armour
  7617 | D:8      | Found a stormy altar of Qazlal.
  7632 | D:8      | Gained mutation: You regenerate a little health from kills.
                  | [demonic ancestry]
  7632 | D:8      | Reached XP level 10. HP: 73/82 MP: 12/12
  7732 | D:8      | Noticed Erica
  7750 | D:8      | Killed from afar by Erica

Illustrated notes

Levels and vault maps discovered:
D:1:      psy_arrival_spokes, layout_rooms, serial_shops, shop
D:2:      layout_basic, st_stairs_12, moated_statue
D:3:      layout_basic, mainiacjoe_overflow_cross_hatched,
          nicolae_overflow_squiral, ebering_ecumenical_altar_petrified,
          serial_shops, nicolae_shop_stone, shop_scrolls, nicolae_square_shop,
          grunt_ministairs_13
D:4:      layout_basic, portal_sewer_entry_e, uniq_blork_the_orc, uniq_robin
D:5:      layout_rooms, mainiacjoe_overflow_swirl, ebering_ghost_rock_garden,
          nrook_campfire, nicolae_nh_ransacked_shop, uniq_pikel
D:6:      layout_rooms
D:7:      layout_cave_pods, mainiacjoe_overflow_brackets, temple_doors_cd
D:8:      layout_loops_ring, mainiacjoe_overflow_catwalk, uniq_erica
Temple:   minmay_temple_bridge_abc

Skill      XL: |  1  2  3  4  5  6  7  8  9 |
---------------+----------------------------+-----
Axes           | 3 4 5 6 7 9 10 | 10.6
Fighting       | 3 4 5 7 8 |  8.8
Invocations    | 3 |  3.0
Armour         | 1 |  1.9
Throwing       | |  1.7
Dodging        | |  2.6

Action                     |  1- 3 |  4- 6 |  7- 9 | 10-12 || total
---------------------------+-------+-------+-------+-------++-------
  Melee: War axe           |    95 |   281 |   189 |       ||   565
         Broad axe         |       |       |   244 |     9 ||   253
         Headbutt          |       |       |    37 |     1 ||    38
  Throw: Throwing net      |       |     1 |     2 |       ||     3
  Evoke: Wand              |       |       |    11 |     5 ||    16
    Use: Scroll            |     3 |    12 |     4 |       ||    19
         Potion            |       |     2 |     1 |     4 ||     7
   Stab: Sleeping          |     1 |     1 |       |       ||     2
         Distracted        |     1 |       |       |       ||     1
 Armour: Leather armour    |    69 |    14 |       |       ||    83
         Chain mail        |       |   222 |    62 |       ||   284
         Scale mail        |       |       |   381 |    23 ||   404
  Dodge: Dodged            |    67 |   133 |   265 |       ||   465

Table legend: (Time is in decaauts)
 A = Elapsed time spent in this place.
 B = Non-inter-level travel time spent in this place.
 C = Inter-level travel time spent in this place.
 D = Time resting spent in this place.
 E = Time spent auto-exploring this place.
 F = Levels seen in this place.
 G = Mean time per level.
                   A        B        C        D        E       F      G
               +--------+--------+--------+--------+--------+-----+--------+
         Total |   7908 |   7701 |    207 |   1178 |   4314 |  10 |  790.8 |
       Dungeon |   7282 |   7096 |    186 |   1178 |   4074 |   8 |  910.2 |
        Temple |     79 |     59 |     20 |      0 |      0 |   1 |   79.0 |
         Sewer |    546 |    546 |      0 |      0 |    239 |   1 |  546.0 |
               +--------+--------+--------+--------+--------+-----+--------+

Top non-repeatable levels by time:
     D:7: 1356 daAuts
     D:4: 1292 daAuts
     D:5: 1084 daAuts
     D:2: 836 daAuts
     D:6: 792 daAuts
     D:8: 714 daAuts
     D:3: 643 daAuts
     D:1: 560 daAuts
   Sewer: 546 daAuts
  Temple: 79 daAuts
